AoeStats
← erik12bott

Arabia

509884558Analyzed
2v2 RM · 4d ago on Sep 28, 2026· 21m 36s· 4 players
Game mode
Random Map
Map size
Medium (4 player)
Population
200
Speed
Normal
Resources
Standard
Victory
Conquest
Starting age
Dark Age
Ending age
Imperial Age
RankedLock teamsTeams togetherTeam positionsShared explorationLock speedFull tech treeHidden civsTurbo modeCheats
Victory
Defeat
🇧🇬 Italians · Bulgaria
1188
+13
🇮🇪 Malians · Ireland
1132
+15
🇳🇴 Varangians · Norway
1121
-14
🇳🇴 Danes · Norway
1121
-14
seamusgalla
3:44 Loom
9:54 Feudal Age
10:22 Man-at-Arms
11:19 Double-Bit Axe
11:30 Horse Collar
17:07 Fletching
18:52 Padded Archer Armor
19:04 Forging
23:58 Castle Age
qwka224
9:54 Feudal Age
10:31 Double-Bit Axe
15:01 Loom
15:46 Horse Collar
19:11 Castle Age
18:40 Fletching
20:04 Crossbowman
20:55 Bodkin Arrow
DwarfLord
7:13 Loom
10:27 Feudal Age
10:29 Man-at-Arms
13:08 Double-Bit Axe
13:56 Arson
17:57 Fletching
erik12bott
7:24 Loom
10:18 Feudal Age
11:26 Double-Bit Axe
12:42 Bloodlines
16:17 Scale Barding Armor
20:03 Scale Mail Armor
20:14 Forging
23:52 Castle Age
Connection lost

Rejoining the realm…

Still unreachable

The connection could not be restored.

Session expired

The server has moved on; the page needs a fresh start.